Map: 匹昂台地

Players

TIME (Oliveira) - Winner!

  • Race: Terran Terran
  • League: Master

iGJim

  • Race: Protoss Protoss
  • League: Master

Event: GPL 2015 - Grand Finals

VOD

Have the link to the VOD?

Description

Time

  • Played on: Jan. 16, 2016, 8:22 a.m.
  • Length: 6:49

All games in this series

Show
View Real Time Build Order
Export as new Build Order

TIME Terran - Winner!

Build Orders: 1/1/1, Liberator Opening 

Get SALT Encoding   

  12  0:00  SCV  
  13  0:12  SCV  
  14  0:18  Supply Depot  
  14  0:24  SCV  
  15  0:39  SCV  
  15  0:41  Barracks  
  16  0:45  Refinery  
  16  0:51  SCV  
  16  0:53  Refinery  
  17  1:03  SCV  
  18  1:15  SCV  
  19  1:27  Marine  
  19  1:28  Orbital Command  
  19  1:32  Factory  
  20  1:40  Supply Depot  
  20  1:46  Barracks Reactor  
  20  1:55  SCV  
  21  2:07  SCV  
  22  2:15  Starport, Widow Mine  
  22  2:19  SCV  
  22  2:22  Marine x2  
  26  2:29  Supply Depot  
  27  2:31  SCV  
  28  2:40  Marine x2  
  28  2:43  SCV  
  31  2:45  Factory Tech Lab  
  31  2:52  Medivac  
  31  2:55  Supply Depot  
  33  2:58  Marine  
  33  2:59  Marine  
  35  3:07  Cyclone  
  35  3:09  Liberator  
  38  3:16  Marine  
  38  3:17  Marine  
  43  3:29  Supply Depot  
  43  3:49  Command Center  
  43  3:56  Siege Tank, Marine  
  43  4:02  Marine  
  48  4:05  Liberator  
  48  4:07  Supply Depot  
  47  4:21  Marine  
  47  4:22  Marine  
  50  4:24  SCV  
  51  4:35  Barracks  
  49  4:41  Marine  
  49  4:44  Marine  
  49  4:45  Siege Tank  
  54  4:47  SCV  
  55  4:59  SCV  
  53  5:02  Liberator  
  53  5:03  Orbital Command  
  53  5:04  Barracks  
  53  5:07  Marine  
  53  5:12  Marine  
  55  5:20  SCV  
  59  5:25  Marine  
  59  5:31  Marine  
  59  5:32  SCV  
  59  5:33  SCV  
  59  5:35  Barracks Tech Lab  
  62  5:41  Engineering Bay  
  62  5:43  Marine  
  63  5:51  SCV x2, Marine  
  63  5:54  Marine  
  63  5:56  Marine  
  66  6:02  Marine  
  65  6:04  Siege Tank  
  65  6:05  Starport Reactor  
  68  6:14  Marine x2  
  68  6:16  Marine  
  71  6:22  SCV  
  71  6:25  Marine  
  73  6:26  SCV  
  73  6:27  Refinery  
  73  6:28  Engineering Bay  
  73  6:29  Supply Depot  
  74  6:34  SCV  
Show
View Real Time Build Order
Export as new Build Order

iGJim Protoss 

Build Orders: 1 Gate Expand, Oracle Opening, Phoenix Opening 

Get SALT Encoding   

  12  0:01  Probe (Chrono Boost)  
  13  0:11  Probe (Chrono Boost)  
  14  0:17  Pylon  
  14  0:22  Probe (Chrono Boost)  
  15  0:35  Probe (Chrono Boost)  
  16  0:38  Gateway  
  16  0:46  Probe (Chrono Boost)  
  16  0:47  Assimilator  
  17  0:56  Probe (Chrono Boost)  
  18  1:07  Probe (Chrono Boost)  
  19  1:17  Probe (Chrono Boost)  
  20  1:23  Nexus  
  20  1:32  Cybernetics Core  
  20  1:34  Probe (Chrono Boost)  
  21  1:42  Assimilator  
  21  1:45  Probe (Chrono Boost)  
  22  1:49  Pylon  
  22  1:55  Probe (Chrono Boost)  
  22  2:05  Probe (Chrono Boost)  
  22  2:08  Warp Gate, Adept (Chrono Boost)  
  25  2:17  Probe (Chrono Boost)  
  26  2:26  Pylon  
  26  2:29  Probe (Chrono Boost)  
  27  2:30  Stargate  
  27  2:35  Probe (Chrono Boost)  
  28  2:40  Probe (Chrono Boost), Adept  
  31  2:46  Probe (Chrono Boost)  
  31  2:50  Probe (Chrono Boost)  
  33  2:56  Probe (Chrono Boost)  
  34  3:01  Probe (Chrono Boost)  
  35  3:07  Mothership Core (Chrono Boost)  
  35  3:11  Probe (Chrono Boost)  
  38  3:19  Pylon  
  38  3:20  Oracle (Chrono Boost)  
  38  3:22  Probe  
  38  3:24  Probe, Pylon  
  43  3:31  Assimilator  
  44  3:34  Probe x2  
  45  3:45  Probe  
  45  3:46  Probe  
  47  3:51  Phoenix (Chrono Boost)  
  49  3:56  Probe, Gateway x2  
  43  4:04  Probe  
  43  4:07  Probe  
  45  4:13  Oracle (Chrono Boost)  
  45  4:16  Probe  
  48  4:17  Probe  
  49  4:28  Probe x2  
  50  4:31  Robotics Facility  
  48  4:38  Probe  
  48  4:40  Probe  
  48  4:44  Phoenix (Chrono Boost)  
  50  4:49  Probe  
  50  4:52  Probe  
  52  4:59  Probe  
  52  5:04  Probe  
  54  5:08  Phoenix (Chrono Boost)  
  54  5:10  Probe  
  54  5:13  Assimilator  
  54  5:14  Pylon  
  55  5:16  Probe  
  56  5:22  Probe  
  56  5:24  Observer (Chrono Boost)  
  56  5:25  Adept  
  60  5:28  Probe  
  60  5:29  Phoenix  
  60  5:34  Probe  
  61  5:40  Probe  
  62  5:44  Pylon  
  62  5:45  Nexus  
  62  5:46  Probe  
  59  5:51  Phoenix  
  59  5:53  Probe  
  59  5:54  Warp Prism (Chrono Boost)  
  64  5:58  Probe  
  64  5:59  Adept x3  
  64  6:03  Pylon  
  71  6:13  Phoenix  
  70  6:20  Adept x3  
  76  6:30  Pylon  
  80  6:33  Pylon  
Tags
 
Add a new tag
Caveats
  • Supply blocks, unpowered buildings, or Contaminate may cause inaccurate times.
  • Supply counts are checked every 10 seconds.